Map: [ESL] Inside and Out

Players

ForJumy

  • Race: Protoss Protoss
  • Spawn Location: 7:00

DnS - Winner!

  • Race: Protoss Protoss
  • Spawn Location: 1:00

Event: DreamHack SC2 Masters 2022 Atlanta (Online)

VOD

Have the link to the VOD?

Description

Time

  • Played on: Oct. 8, 2022, 1:54 p.m.
  • Length: 4:41

All games in this series

Show
View Real Time Build Order
Export as new Build Order

ForJumy Protoss 

Build Orders: Phoenix Opening 

Get SALT Encoding   

  12  0:00  Probe  
  13  0:12  Probe  
  14  0:17  Pylon  
  14  0:24  Probe (Chrono Boost)  
  15  0:36  Probe (Chrono Boost)  
  15  0:38  Gateway  
  16  0:45  Probe (Chrono Boost), Assimilator  
  17  0:54  Probe (Chrono Boost)  
  17  0:55  Assimilator  
  18  1:06  Probe (Chrono Boost)  
  18  1:11  Gateway  
  19  1:14  Probe (Chrono Boost)  
  20  1:20  Probe  
  21  1:27  Cybernetics Core  
  21  1:32  Probe  
  22  1:37  Pylon  
  22  1:44  Probe  
  23  1:57  Probe  
  24  2:03  Stalker  
  24  2:04  Stargate  
  26  2:12  Stalker  
  26  2:13  Probe  
  29  2:21  Pylon  
  29  2:26  Probe  
  30  2:39  Probe  
  31  2:49  Phoenix (Chrono Boost)  
  33  2:54  Probe  
  38  3:09  Nexus  
  34  3:13  Phoenix  
  34  3:18  Probe  
  36  3:25  Shield Battery  
  36  3:28  Pylon  
  36  3:32  Probe  
  37  3:39  Phoenix (Chrono Boost)  
  39  3:46  Probe  
  40  3:52  Twilight Council  
  40  4:00  Pylon  
  40  4:09  Probe  
  38  4:18  Pylon  
  38  4:24  Probe  
  42  4:38  Pylon  
Show
View Real Time Build Order
Export as new Build Order

DnS Protoss - Winner!

Build Orders: Oracle Opening 

Get SALT Encoding   

  12  0:00  Probe  
  13  0:12  Probe  
  14  0:18  Pylon  
  14  0:24  Probe (Chrono Boost)  
  15  0:37  Probe (Chrono Boost), Gateway  
  16  0:45  Probe (Chrono Boost)  
  16  0:46  Assimilator  
  17  0:51  Probe  
  18  0:59  Assimilator  
  18  1:03  Probe (Chrono Boost)  
  19  1:11  Gateway  
  19  1:16  Probe (Chrono Boost)  
  20  1:21  Probe (Chrono Boost)  
  20  1:25  Cybernetics Core  
  21  1:32  Probe  
  22  1:37  Pylon  
  22  1:44  Probe  
  23  1:56  Probe  
  24  2:01  Stalker x2  
  24  2:02  Warp Gate  
  28  2:15  Pylon  
  29  2:26  Pylon  
  29  2:29  Stargate  
  28  2:37  Stalker  
  30  2:45  Stalker  
  31  2:52  Shield Battery  
  31  3:12  Oracle (Chrono Boost)  
  34  3:20  Probe  
  35  3:30  Nexus  
  35  3:32  Pylon  
  35  3:34  Probe  
  39  3:51  Probe  
  39  3:54  Twilight Council  
  37  4:03  Probe  
  37  4:05  Stalker x2  
  40  4:15  Probe  
  41  4:28  Probe  
  42  4:32  Stalker x2  
Tags
 
Add a new tag
Caveats
  • Supply blocks, unpowered buildings, or Contaminate may cause inaccurate times.
  • Supply counts are checked every 10 seconds.